 Dungeon Crawl Stone Soup version 0.30-a0-1160-g6e42c06551 (webtiles) character file.

Game seed: 7271374693794628511

2 themarg the Firebug (level 1, 0/13 HPs)
             Began as a Demonspawn Fire Elementalist on Apr 27, 2023.
             Slain by a ball python (3 damage)
             ... on level 1 of the Dungeon.
             The game lasted 00:00:46 (66 turns).

themarg the Firebug (Demonspawn Fire Elementalist)    Turns: 66, Time: 00:00:47

Health: 0/13       AC:  2    Str:  8    XL:     1   Next: 25%
Magic:  2/3        EV:  9    Int: 16    God:
Gold:   15         SH:  0    Dex: 13    Spells: 3/4 levels left

rFire   . . .        (no weapon)
rCold   . . .        (no shield)
rNeg    . . .        a - +0 robe
rPois   .            (no helmet)
rElec   .            (no cloak)
rCorr   .            (no gloves)
SInv    .            (no boots)
Will    .....        (no amulet)
Stlth   ++           (no ring)
HPRegen 0.22/turn    (no ring)
MPRegen 0.08/turn

%: no passive effects
@: constricted
A: no striking features
a: no special abilities


You were on level 1 of the Dungeon.
You visited 1 branch of the dungeon, and saw 1 of its levels.

You collected 15 gold pieces.

Inventory:

Armour
 a - a +0 robe (worn)


   Skills:
 - Level 1.7 Dodging
 + Level 1.8 Stealth
 - Level 2.0 Spellcasting
 + Level 1.1 Conjurations
 + Level 2.7 Fire Magic


You had 3 spell levels left.
You knew the following spells:

 Your Spells              Type           Power      Damage    Failure   Level
a - Foxfire               Conj/Fire      28%        2x1d5     10%         1

Your spell library contained the following spells:

 Spells                   Type           Power      Damage    Failure   Level
 Scorch                   Fire           20%        2d6       10%         2
 Inner Flame              Hex/Fire       6%         N/A       34%         3
 Volatile Blastmotes      Fire/Tloc      12%        2d11      34%         3
 Flame Wave               Conj/Fire      7%         2d5       67%         4


Dungeon Overview and Level Annotations

Branches:
Dungeon (1/15)

Altars:


Message History

The plant begins to die.
The bat hits the plant.
The ball python closely misses you. The ball python grabs you.
The ball python constricts you. The ball python bites you.
The ball python loses its grip on the plant.
The bat hits the plant.
The ball python closely misses you. The ball python constricts you.
The ball python completely misses you.
You escape the ball python's grasp.
The ball python attacks as you move away!
The ball python bites you. The ball python barely misses you.
The bat completely misses you. The ball python barely misses you.
The ball python closely misses you.
The ball python bites the plant.
The ball python grabs the plant.
The ball python constricts the plant.
The ball python barely misses you. The ball python closely misses you.
The ball python loses its grip on the plant.
You conjure some foxfire!
A nearby plant withers and dies.
The foxfire hits the bat.
You kill the bat!
The ball python closely misses you. The ball python barely misses you. x2
The ball python misses you.
The ball python attacks as you move away!
The ball python bites you. The ball python barely misses you.
Found a sling.
The foxfire hits the ball python.
The ball python is severely wounded.
Magic courses through your body.
A nearby plant withers and dies. x2
The ball python bites you. The ball python grabs you.
The ball python constricts you. The ball python closely misses you.
You conjure some foxfire!
The ball python bites you but does no damage.
The ball python completely misses you. The ball python constricts you.
The ball python bites you.
* * * LOW HITPOINT WARNING * * *
The ball python closely misses you. The ball python bites you.
* * * LOW HITPOINT WARNING * * *
The ball python constricts you.
You conjure some foxfire!
The foxfire hits the ball python.
You kill the ball python!
The foxfire hits the ball python.
You kill the ball python!
The ball python bites you.
You die...

P.............P#
~P...........P~#
~~P.........P~~#
≈≈~P........≈≈≈#
≈≈≈~P......~~≈≈#
≈≈≈~~P.<..~~≈≈≈#
≈≈~~P.....P~~≈≈#
≈≈~P.....†SP~≈≈#
≈~P......†@vP~≈#
~P........§v.P~#
P.............P#
..................
.#.###.###....>...
... ......... ###
.........
#....)...


You could see a ball python (ally target).

Vanquished Creatures
  3 ball pythons (D:1)
  A bat (D:1)
4 creatures vanquished.

Vanquished Creatures (others)
  6 foxfires (D:1)
  3 plants (D:1)
9 creatures vanquished.

Grand Total: 13 creatures vanquished

Notes
Turn   | Place    | Note
-------+----------+-------------------------------------------
     0 | D:1      | themarg the Demonspawn Fire Elementalist began the quest
                  | for the Orb.
     0 | D:1      | Reached XP level 1. HP: 13/13 MP: 3/3
    66 | D:1      | Slain by a ball python

Illustrated notes

Levels and vault maps discovered:
D:1:      eino_arrival_druids_welcome, layout_basic, serial_bayou_pond_d

Action                     || total
---------------------------++-------
  Melee: Unarmed           ||     1
   Cast: Foxfire           ||     5
    Use: Potion            ||     1
 Armour: Robe              ||     5
  Dodge: Dodged            ||    38

Table legend: (Time is in decaauts)
 A = Elapsed time spent in this place.
 B = Non-inter-level travel time spent in this place.
 C = Inter-level travel time spent in this place.
 D = Time resting spent in this place.
 E = Time spent auto-exploring this place.
 F = Levels seen in this place.
 G = Mean time per level.
                   A        B        C        D        E       F      G
               +--------+--------+--------+--------+--------+-----+--------+
         Total |     67 |     67 |      0 |      0 |     37 |   1 |   67.0 |
       Dungeon |     67 |     67 |      0 |      0 |     37 |   1 |   67.0 |
               +--------+--------+--------+--------+--------+-----+--------+

Top non-repeatable levels by time:
     D:1: 67 daAuts
